 Dungeon Crawl Stone Soup version 0.27-a0-1149-g4505690ab0 (webtiles) character file.

Game seed: 14654937136849225162

39 Sobieck the Skirmisher (level 3, -2/42 HPs)
             Began as an Ogre Delver on May 12, 2021.
             Was a Follower of Uskayaw.
             Slain by a gnoll
             ... wielding a +0 spear
              (6 damage)
             ... on level 4 of the Dungeon.
             The game lasted 00:01:14 (222 turns).

Sobieck the Skirmisher (Ogre Delver)                 Turns: 222, Time: 00:01:14

Health: -2/42      AC:  3    Str: 17    XL:     3   Next: 47%
Magic:  3/3        EV:  9    Int: 11    God:    Uskayaw [*.....]
Gold:   0          SH:  0    Dex: 10    Spells: 2/2 levels left

rFire    . . .     SeeInvis .   a - +0 mace {mace}
rCold    . . .     Faith    .   (no shield)
rNeg     . . .     Spirit   .   b - +0 robe
rPois    .         Reflect  .   (helmet restricted)
rElec    .         Harm     .   (no cloak)
rCorr    .         Rampage  .   (gloves unavailable)
Will     .....                  (boots unavailable)
Stlth    ++........             (no amulet)
HPRegen  0.14/turn              (no ring)
MPRegen  0.08/turn              (no ring)

@: no status effects
A: large, unfitting armour, tough skin 1
a: Renounce Religion, Stomp


You were on level 4 of the Dungeon.
You worshipped Uskayaw.
Uskayaw was noncommittal.
You visited 1 branch of the dungeon, and saw 4 of its levels.


Innate Abilities, Weirdness & Mutations

You are too large for most types of armour.
You have tough skin. (AC +1)


   Skills:
 - Level 5.0 Fighting
 + Level 2.7 Maces & Flails
 - Level 1.7 Dodging
 - Level 3.7 Stealth


You had 2 spell levels left.
You didn't know any spells.
Your spell library was empty.

Inventory:

Hand Weapons
 a - a +0 mace (weapon) {mace}
Armour
 b - a +0 robe (worn)
Wands
 g - a wand of digging (3)
Scrolls
 c - a scroll of fog
 d - a scroll of magic mapping {!r}
 e - a scroll of fear
Potions
 f - a potion of haste {@q3}

Dungeon Overview and Level Annotations

Branches:
Dungeon (6/15)
 Temple: D:4-7

Altars:
Uskayaw

Shops:
D:5 !

Annotations:
D:5 exclusion: downstairs

..##.. ##... ..
..... ....... ...
...# ....... ...
#..###......#
##.##....#..#...
##................
#......<.....##...
......)..........#
#.....g@..>.......
................#.
.......g.g....###
......#.....### .
.....)....#...
...:.####...##.
...## #.... ...
##...#


You could see 3 gnolls.


Message History

😮 HP[-4]
You take 4 damage, and now have 13/24 hp.
You hit the hound but do no damage. The hound barely misses you.
The hound closely misses you.
You sock the hound!
You kill the hound!
Your Maces & Flails skill increases to level 2!
You have reached level 2!
You have reached level 3!
Your experience leads to an increase in your attributes!
Increase (S)trength, (I)ntelligence, or (D)exterity?
You feel stronger. x2 😮 HP[+10] MP[+2]
You now have 41 max hp (+17).
You regained 10 hp, and now have 23/41 hp.
Your mp is fully restored (3).
You start resting. 😎 HP[+18]
Your hp is fully restored (41).
Press: ? - help, v - describe, . - travel A stone staircase leading down, spattered with blood.
Placed new exclusion.
Reduced exclusion size to a single square.
Found a stone staircase leading up.
Found Omara's Distillery.
There is a stone staircase leading up here.
There is an entrance to Omara's Distillery here.
You can access your shopping list by pressing '$'.
Unknown command.
(D) Dungeon
Where to? (? - help)
There is a stone staircase leading up here.
You climb upwards.
The gnoll shouts!
Found a dagger and a paperback book.
Found a stone staircase leading up.
There is a stone staircase leading down here.
A gnoll is nearby!
A gnoll comes into view. It is wielding a +0 halberd.
A gnoll comes into view. It is wielding a +0 spear.
There is a stone staircase leading up here.
You climb upwards.
There is a stone staircase leading down here.
Found a hide-covered altar of Uskayaw.
There is a hide-covered altar of Uskayaw here.
You kneel at the altar of Uskayaw.
Uskayaw welcomes you!
(D) Dungeon
Where to? (Enter - D:4, ? - help)
There is a stone staircase leading down here.
You climb downwards.
A gnoll comes into view. It is wielding a +0 flail.
The gnoll shouts!
The gnoll barely misses you.
There is a stone staircase leading up here.
The gnoll hits you from afar with a +0 spear!
The gnoll closely misses you. 😕 HP[-7]
You take 7 damage, and now have 34/41 hp.
You sock the gnoll! The gnoll closely misses you. The gnoll barely misses you.
You can now stomp with the beat.
You hit the gnoll but do no damage. The gnoll hits you but does no damage.
The gnoll closely misses you.
The gnoll hits you from afar with a +0 spear.
The gnoll closely misses you. The gnoll hits you but does no damage.
The gnoll misses you. 😮 HP[-5]
You take 5 damage, and now have 29/41 hp.
Unknown command.
You closely miss the gnoll.
The gnoll hits you from afar with a +0 spear!
* * * LOW HITPOINT WARNING * * *
A hobgoblin comes into view.
The gnoll barely misses you. x2
The gnoll hits you from afar with a +0 spear.
* * * LOW HITPOINT WARNING * * *
The gnoll closely misses you.
The hobgoblin moves out of view. 😨 HP[-14]
You take 14 damage, and now have 15/41 hp.
MASSIVE DAMAGE!! (PAUSE)
You hit the gnoll. The gnoll hits you but does no damage.
The gnoll closely misses you.
The gnoll hits you from afar with a +0 spear.
* * * LOW HITPOINT WARNING * * *
The gnoll hits you with a +0 halberd!
* * * LOW HITPOINT WARNING * * *
😱 HP[-12]
You take 12 damage, and now have 3/41 hp.
MASSIVE DAMAGE!! (PAUSE)
You sock the gnoll!
You kill the gnoll!
The gnoll misses you. The gnoll completely misses you.
The gnoll closely misses you. x2
Training target 5.0 for Fighting reached!
Your Fighting skill increases to level 5! 😱 HP[+1]
You now have 42 max hp (+1).
Unknown command.
You hit the gnoll. The gnoll barely misses you.
The gnoll hits you from afar with a +0 spear.
You die...

Skill      XL: |  1  2  3 |
---------------+----------+-----
Maces & Flails | 2 |  2.7
Fighting       | 5 |  5.0
Dodging        | |  1.7
Stealth        | |  3.7

Action                   || total
-------------------------++-------
Melee: Mace              ||    15
Armor: Robe              ||     5
Dodge: Dodged            ||    26

Levels and vault maps discovered:
D:3:      layout_basic, nicolae_overflow_crystal_walls, lemuel_doored_altar,
          uniq_natasha, uniq_crazy_yiuf_cottage, uniq_sigmund
D:4:      layout_cave_pools, nicolae_hepliaklqana_monster_ancestors,
          lemuel_coloured_pillars_altar, minmay_temple_entry_slanted
D:5:      layout_gridville, nicolae_qazlal_scattered_showers, serial_shops,
          shop, uniq_pikel
D:6:      layout_cave_pools, serial_bayou_pond_d, lemuel_old_faithful

Notes
Turn   | Place    | Note
-------+----------+-------------------------------------------
     0 | D:5      | Sobieck the Ogre Delver began the quest for the Orb.
     0 | D:5      | Reached XP level 1. HP: 24/24 MP: 1/1
     0 | D:5      | magus.rc [v1.9.6]
     1 | D:6      | Noticed an orc wizard
     1 | D:6      | Noticed a hound
     4 | D:6      | Noticed a hound
    15 | D:5      | Killed a hound
    16 | D:5      | Reached skill level 2 in Maces & Flails
    16 | D:5      | Reached XP level 2. HP: 18/33 MP: 2/2
    16 | D:5      | Reached XP level 3. HP: 23/41 MP: 3/3
   178 | D:5      | Found Omara's Distillery.
   200 | D:3      | Found a hide-covered altar of Uskayaw.
   206 | D:3      | Became a worshipper of Uskayaw the Reveller
   217 | D:4      | Reached * piety under Uskayaw
   220 | D:4      | HP: 10/41 [gnoll/+0 spear (5)]
   220 | D:4      | HP: 3/41 [gnoll/+0 halberd (7)]
   222 | D:4      | Reached skill level 5 in Fighting
   222 | D:4      | Slain by a gnoll

Vanquished Creatures
  A hound (D:5)
  A gnoll (D:4)
2 creatures vanquished.

Table legend:
 A = Non-vault XP
 B = Vault XP
 C = Vault XP percentage of total XP
 D = Non-vault monster count
 E = Vault monster count
 F = Vault count percentage of total count
                 A         B        C        D         E       F
            +---------+---------+-------+---------+---------+-------
      Total |      57 |       0 |   0.0 |       2 |       0 |   0.0
            +---------+---------+-------+---------+---------+-------
        D:4 |      14 |       0 |   0.0 |       1 |       0 |   0.0
        D:5 |      43 |       0 |   0.0 |       1 |       0 |   0.0
            +---------+---------+-------+---------+---------+-------

Illustrated notes

Table legend:
 A = Kills in this place as a percentage of kills in entire the game.
 B = Kills by you in this place as a percentage of kills by you in the entire game.
 C = Kills by friends in this place as a percentage of kills by friends in the entire game.
 D = Other kills in this place as a percentage of other kills in the entire game.
 E = Experience gained in this place as a percentage of experience gained in the entire game.
 F = Experience gained in this place divided by the number of levels of this place that you have seen.
                   A       B       C       D       E      F
               +-------+-------+-------+-------+-------+----------------------
         Total | 100.0 | 100.0 |   N/A |   N/A | 100.0 |  14.2
       Dungeon | 100.0 | 100.0 |   N/A |   N/A | 100.0 |  14.2
               +-------+-------+-------+-------+-------+----------------------

Table legend: (Time is in decaauts)
 A = Elapsed time spent in this place.
 B = Non-inter-level travel time spent in this place.
 C = Inter-level travel time spent in this place.
 D = Time resting spent in this place.
 E = Time spent auto-exploring this place.
 F = Levels seen in this place.
 G = Mean time per level.
                   A        B        C        D        E       F      G
               +--------+--------+--------+--------+--------+-----+--------+
         Total |    226 |    212 |     14 |    138 |      0 |   4 |   56.5 |
       Dungeon |    226 |    212 |     14 |    138 |      0 |   4 |   56.5 |
               +--------+--------+--------+--------+--------+-----+--------+

Top non-repeatable levels by time:
     D:5: 191 daAuts
     D:4: 15 daAuts
     D:3: 14 daAuts
     D:6: 4 daAuts
